 Dungeon Crawl Stone Soup version 0.30-a0-469-g84de5afbc5 (webtiles) character file.

Game seed: 13604165034937761827

3419 Coaxmetal the Thaumaturge (level 9, -2/52 HPs)
             Began as a Deep Elf Hedge Wizard on Dec 20, 2022.
             Was an Initiate of Gozag.
             Killed by an exploding killer bee (23 damage)
             ... ignited by their inner flame
             ... on level 9 of the Dungeon.
             The game lasted 00:21:55 (9628 turns).

Coaxmetal the Thaumaturge (Deep Elf Hedge Wizard)   Turns: 9628, Time: 00:21:57

Health: -2/52      AC:  3    Str:  7    XL:     9   Next: 76%
Magic:  1/25       EV: 13    Int: 24    God:    Gozag
Gold:   461        SH:  0    Dex: 14    Spells: 10/28 levels left

rFire   . . .      SeeInvis +    a - +0 dagger
rCold   . . .      Faith    .    (no shield)
rNeg    . . .      Spirit   .    b - +0 robe
rPois   .          Reflect  .    c - +0 hat
rElec   .          Harm     .    (no cloak)
rCorr   .          Rampage  .    (no gloves)
Will    .....                    o - +0 pair of boots
Stlth   ++++......               (no amulet)
HPRegen 0.28/turn                h - ring of see invisible
MPRegen 0.19/turn                (no ring)

@: marked, gold aura
A: no striking features
a: Renounce Religion, Potion Petition, Call Merchant, Bribe Branch


You were on level 9 of the Dungeon.
You worshipped Gozag.
Gozag was aware of your devotion.
You visited 2 branches of the dungeon, and saw 10 of its levels.
You also visited: Sewer and Ossuary.

You collected 721 gold pieces.
You spent 124 gold pieces at shops.
You paid 136 gold pieces to Gozag.

Inventory:

Hand Weapons
 a - a +0 dagger (weapon)
Missiles
 q - 4 poisoned darts (quivered)
Armour
 b - a +0 robe (worn)
 c - a +0 hat (worn)
 o - a +0 pair of boots (worn)
Jewellery
 h - a ring of see invisible (left hand)
Wands
 x - a wand of light (8)
 D - a wand of flame (9)
Scrolls
 i - 3 scrolls of magic mapping
 j - a scroll of immolation
 k - 7 scrolls of enchant armour {unknown}
 m - a scroll of noise {unknown}
 n - 3 scrolls of blinking {unknown}
 s - 3 scrolls of teleportation {unknown}
 u - 4 scrolls of identify
 v - a scroll of amnesia {unknown}
 w - a scroll of silence {unknown}
 y - a scroll of fog {unknown}
 z - a scroll of summoning
 A - a scroll of brand weapon {unknown}
Potions
 d - 2 potions of magic
 e - 2 potions of cancellation {unknown}
 f - 4 potions of mutation {unknown}
 g - 6 potions of heal wounds
 l - a potion of ambrosia {unknown}
 p - 3 potions of haste {unknown}
 r - 3 potions of curing
 t - a potion of brilliance {unknown}
 B - a potion of attraction {unknown}
 C - a potion of might {unknown}
 E - a potion of lignification {unknown}


   Skills:
 + Level 4.1 Fighting
 - Level 2.0 Short Blades
 - Level 4.0 Dodging
 - Level 8.0 Stealth
 - Level 10.0 Spellcasting
 + Level 4.2 Conjurations
 - Level 3.0 Summonings
 - Level 2.0 Translocations
 - Level 5.0 Transmutations
 - Level 2.0 Air Magic
 + Level 4.2 Earth Magic
 - Level 2.0 Poison Magic


You had 10 spell levels left.
You knew the following spells:

 Your Spells              Type           Power      Damage    Failure   Level
a - Magic Dart            Conj           100%       1d8       1%          1
b - Blink                 Tloc           42%        N/A       3%          2
c - Call Imp              Summ           26%        N/A       2%          2
d - Stone Arrow           Conj/Erth      64%        3d11      2%          3
e - Mephitic Cloud        Conj/Pois/Air  25%        N/A       4%          3
f - Ignite Poison         Fire/Tmut/Pois 23%        N/A       6%          3
g - Petrify               Tmut/Erth      34%        N/A       8%          4

Your spell library contained the following spells:

 Spells                   Type           Power      Damage    Failure   Level
 Sandblast                Erth           64%        2d14      1%          1
 Passwall                 Tmut/Erth      28%        N/A       1%          2
 Momentum Strike          Conj/Tloc      54%        3d9       2%          2
 Cigotuvi's Dreadful Rot  Necr/Pois/Air  36%        N/A       4%          2
 Slow                     Hex            48%        N/A       5%          1
 Gell's Gravitas          Tloc           21%        N/A       7%          3
 Lesser Beckoning         Tloc           42%        N/A       7%          3
 Teleport Other           Tloc           21%        N/A       7%          3
 Sublimation of Blood     Necr           12%        N/A       8%          2
 Kindle Blastsparks       Fire/Tloc/Air  36%        2d13      10%         3
 Animate Armour           Summ/Erth      58%        N/A       12%         4
 Ozocubu's Armour         Ice            12%        N/A       16%         3
 Irradiate                Conj/Tmut      17%        3d17      22%         5
 Freezing Cloud           Conj/Ice/Air   10%        6-21      54%         5
 Ozocubu's Refrigeration  Ice            6%         4d8       100%        7
 Lehudib's Crystal Spear  Conj/Erth      16%        10d5      100%        8


Dungeon Overview and Level Annotations

Branches:
Dungeon (8/15)             Temple (1/1) D:7           Sewer (visited)
Ossuary (visited)
   Lair: D:8-11

Altars:
Ashenzari
Cheibriados
Elyvilon
Fedhas
Gozag
Hepliaklqana
Kikubaaqudgha
Makhleb
Nemelex Xobeh
Okawaru
Qazlal
Ru
Sif Muna
Trog
Uskayaw
Vehumet
Wu Jian
Xom
Yredelemnul
Zin
The Shining One

Shops:
D:2 ?   D:4 *   D:6 !

Annotations:
D:9 Harold


Message History

The killer bee misses the killer bee.
The killer bee stings itself.
Flame seeps out of the killer bee.
The killer bee is engulfed in noxious fumes.
The killer bee appears confused.
The wight hits your orc with a +0 hand axe.
Flame seeps out of your orc. x2; The wight drains your orc.
The wight hits your orc priest with a +0 hand axe.
Flame seeps out of your orc priest.
The wight barely misses your orc wizard.
The troll misses the killer bee. x2; The troll claws the killer bee!
Flame seeps out of the killer bee.
The killer bee is no longer distracted by gold.
Your orc wizard hits the troll with a +0 dagger.
Flame seeps out of the troll.
Your orc hits the killer bee with a +0 flail of protection.
Flame seeps out of the killer bee.
Your orc wizard hits the wight with a +0 dagger.
Flame seeps out of the wight.
Your orc is engulfed in blazing flames.
Your orc's corpse dissolves into shadows!
Your orc explodes!
The fiery explosion engulfs the wight!!
The fiery explosion engulfs the vampire!
Flame seeps out of the vampire.
The vampire is almost destroyed.
The fiery explosion engulfs your orc priest!!
Your orc priest's corpse dissolves into shadows!
The fiery explosion engulfs the killer bee!!
The killer bee explodes!
The fiery explosion engulfs your orc priest!!!
Your orc priest's corpse dissolves into shadows!
The fiery explosion engulfs your orc!!
Your orc's corpse dissolves into shadows!
The fiery explosion engulfs the vampire!!
The vampire explodes!
Your orc explodes!
The fiery explosion engulfs the killer bee!!!
The killer bee explodes!
The fiery explosion engulfs the killer bee!!
The fiery explosion engulfs you!!
You die...
Your body crumbles into a pile of gold.

#.# #####.# # ...#z#. #
#.##.#.#.##. #....z.# ..#
####.#.# #.#
###.#####.######## .#
#.$..[§§§§y......## .#
#..$.W○○§§§@.(..... #.#
#.$..o§○§§○......##
#####.##
#....$o§°°§y.....#
#.......
###.##yTyyy......#
#....... #.##...○y......#
#....... #.##..y.y......#
#.......
#.##...y....$..####.......
#.##...........)..........
..####.....#..)).)........


You could see a troll (inner flame, confused, ally target), a shadow (inner
flame), 10 killer bees and 2 friendly orc wizards.

Vanquished Creatures
  A vampire (D:9)
  A wyvern (D:9)
  A steam dragon (D:7)
  A water moccasin (D:6)
  An orc warrior (D:9)
  2 black bears
  2 ice beasts
  3 ogres
  5 bullfrogs
  4 scorpions
  A necrophage (D:6)
  A wight (D:9)
  12 killer bees (D:9)
  7 howler monkeys
  2 hounds (D:5)
  A jelly (D:6)
  2 orc priests
  Natasha (thrice) (D:4)
  4 iguanas
  3 orc wizards
  A mummy (D:4)
  A gnoll (D:5)
  3 adders
  2 white imps (D:7)
  An ufetubus (D:5)
  A dart slug (D:1)
  15 orcs
  3 endoplasms
  7 giant cockroaches
  5 goblins
  4 hobgoblins
  2 jackals (D:1)
  7 quokkas
  8 ball pythons
  4 bats
  7 frilled lizards
  3 kobolds
  2 quokka zombies (D:4)
  5 rats
138 creatures vanquished.

Vanquished Creatures (collateral kills)
  Pargi (Sewer)
  A black bear (D:4)
  4 killer bees (D:9)
  A howler monkey (D:9)
  A hound (D:5)
  2 orc wizards
  3 worms
  2 orcs
  An endoplasm (D:3)
  A rat (D:3)
17 creatures vanquished.

Vanquished Creatures (others)
  A butterfly (D:4)
  A withered plant (Ossuary)
2 creatures vanquished.

Grand Total: 157 creatures vanquished

Notes
Turn   | Place    | Note
-------+----------+-------------------------------------------
     0 | D:1      | Coaxmetal the Deep Elf Hedge Wizard began the quest for the
                  | Orb.
     0 | D:1      | Reached XP level 1. HP: 10/10 MP: 7/7
   517 | D:1      | Reached XP level 2. HP: 15/15 MP: 3/9
  1375 | D:1      | Learned a level 2 spell: Blink
  1378 | D:1      | Learned a level 2 spell: Call Imp
  1503 | D:2      | Found Gusmug Jeas's Magic Scroll Emporium.
  1511 | D:2      | Reached XP level 3. HP: 19/19 MP: 7/11
  1548 | D:2      | Bought a scroll of identify for 20 gold pieces
  2711 | D:3      | Reached skill level 5 in Spellcasting
  2964 | D:3      | Reached XP level 4. HP: 24/24 MP: 7/13
  3373 | D:4      | Found Idghut's Assorted Antiques.
  3435 | D:4      | Found a sand-covered staircase.
  3474 | Ossuary  | Entered an ossuary
  3790 | D:4      | Noticed a black bear
  3875 | D:4      | Killed a black bear
  3876 | D:4      | Reached XP level 5. HP: 28/28 MP: 2/15
  3978 | D:4      | Noticed Natasha
  3982 | D:4      | Killed Natasha
  4047 | D:4      | Learned a level 3 spell: Stone Arrow
  4051 | D:4      | Learned a level 3 spell: Mephitic Cloud
  4121 | D:4      | Noticed Natasha
  4130 | D:4      | Killed Natasha
  4235 | D:4      | Noticed an ogre
  4250 | D:4      | Killed an ogre
  4251 | D:4      | Reached skill level 6 in Spellcasting
  4251 | D:4      | Reached XP level 6. HP: 33/33 MP: 6/17
  4372 | D:4      | Found a white marble altar of Elyvilon.
  4501 | D:4      | Reached skill level 1 in Air Magic
  4501 | D:4      | Reached skill level 1 in Poison Magic
  4623 | D:4      | Reached skill level 1 in Fighting
  4741 | D:4      | Noticed Natasha
  4754 | D:4      | Killed Natasha
  4925 | D:5      | Entered Level 5 of the Dungeon
  4950 | D:5      | Reached XP level 7. HP: 38/38 MP: 12/18
  5315 | D:5      | Reached skill level 5 in Stealth
  5483 | D:5      | Reached skill level 7 in Spellcasting
  5739 | D:5      | Noticed a +0 dagger
  5741 | D:5      | Noticed a +0 dagger
  5748 | D:5      | Found a hide-covered altar of Uskayaw.
  5843 | D:5      | Found a shimmering altar of Xom.
  5944 | D:5      | Identified the +9 dagger "Saxeb" {flame, Dex+2}
  6012 | D:6      | Reached XP level 8. HP: 39/44 MP: 14/21
  6014 | D:6      | Reached skill level 1 in Short Blades
  6014 | D:6      | Reached skill level 1 in Earth Magic
  6131 | D:6      | Found Zumuzew's Distillery.
  6143 | D:6      | Bought a potion of curing for 39 gold pieces
  6143 | D:6      | Bought a potion of heal wounds for 65 gold pieces
  6337 | D:6      | Reached skill level 8 in Spellcasting
  6401 | D:6      | Learned a level 3 spell: Ignite Poison
  6406 | D:6      | Learned a level 4 spell: Petrify
  6435 | D:6      | Found a glowing drain.
  6439 | Sewer    | Entered a sewer
  6603 | Sewer    | Noticed Pargi
  6611 | Sewer    | Killed Pargi
  6612 | Sewer    | Reached skill level 1 in Transmutations
  7077 | D:6      | Found a bloodstained altar of Trog.
  7089 | D:6      | Found a snail-covered altar of Cheibriados.
  7658 | D:7      | Found a staircase to the Ecumenical Temple.
  7668 | Temple   | Entered the Ecumenical Temple
  7707 | Temple   | Became a worshipper of Gozag Ym Sagoz the Greedy
  7856 | D:7      | Reached skill level 5 in Transmutations
  7856 | D:7      | Reached XP level 9. HP: 50/50 MP: 13/23
  8571 | D:7      | Found a radiant altar of Vehumet.
  9018 | D:7      | Identified the +3 shortbow of the Assorted Lives {freeze,
                  | rN+ Will+}
  9125 | D:8      | You fall into a shaft and drop 1 floor!
  9384 | D:9      | Reached skill level 9 in Spellcasting
  9590 | D:9      | Noticed Harold
  9615 | D:9      | Noticed a troll
  9616 | D:9      | Reached skill level 10 in Spellcasting
  9628 | D:9      | Killed by an exploding killer bee... ignited by their inner
                  | flame

Illustrated notes

Levels and vault maps discovered:
D:1:      dpeg_arrival_ternary, layout_loops_corners
D:2:      layout_basic, serial_shops, nicolae_shop_stone
D:3:      layout_loops_ring
D:4:      layout_loops_ring, nicolae_elyvilon_peaceful_grove, enter_ossuary_4,
          serial_shops, shop, corexii_hall_statues_u, uniq_natasha
D:5:      layout_cave_pools, dancing_weapons_uskayaw, lemuel_round_altar,
          minmay_bent
D:6:      layout_basic, minitemple, serial_shops, shop, gup_sewer_entry_spiral,
          dk_noncrumbling_3, grunt_decor_cap
D:7:      layout_basic, mainiacjoe_overflow_chevrons, temple_fountains,
          kennysheep_generic_room_8
D:8:      minmay_chambers_of_sixes, layout_basic, amcnicky_mini_pool_small,
          the_hattery
D:9:      cheibrodos_two_vegetables, layout_basic, special_room
          [special_room_bee], uniq_harold
Temple:   hellmonk_temple_of_storms

Skill      XL: |  1  2  3  4  5  6  7  8  9 |
---------------+----------------------------+-----
Stealth        | 3 4 6 8 |  8.0
Summonings     | 2 3 |  3.0
Conjurations   | 2 3 4 |  4.2
Translocations | 2 |  2.0
Spellcasting   | 5 6 7 8 10 | 10.0
Dodging        | 3 4 |  4.0
Air Magic      | 1 2 |  2.0
Poison Magic   | 1 2 |  2.0
Fighting       | 1 2 3 4 |  4.1
Short Blades   | 2 |  2.0
Earth Magic    | 3 4 |  4.2
Transmutations | 5 |  5.0

Action                   |  1- 3 |  4- 6 |  7- 9 || total
-------------------------+-------+-------+-------++-------
Melee: Dagger            |     3 |     1 |    52 ||    56
       Punch             |       |       |     1 ||     1
Throw: Dart              |     5 |     1 |     8 ||    14
 Cast: Magic Dart        |   115 |    91 |   178 ||   384
       Call Imp          |     6 |    13 |    17 ||    36
       Blink             |     1 |     7 |     2 ||    10
       Mephitic Cloud    |       |       |    28 ||    28
       Stone Arrow       |       |       |    13 ||    13
       Ignite Poison     |       |       |    10 ||    10
       Petrify           |       |       |     3 ||     3
Evoke: Wand              |       |       |     1 ||     1
  Use: Scroll            |     1 |     2 |     2 ||     5
 Stab: Distracted        |       |     1 |       ||     1
       Confused          |       |       |     6 ||     6
       Petrified         |       |       |     4 ||     4
       Invisible         |       |       |     1 ||     1
       Petrifying        |       |       |     1 ||     1
       Sleeping          |       |       |     1 ||     1
Armor: Robe              |     8 |     3 |    11 ||    22
Dodge: Dodged            |    23 |    23 |    63 ||   109

Table legend: (Time is in decaauts)
 A = Elapsed time spent in this place.
 B = Non-inter-level travel time spent in this place.
 C = Inter-level travel time spent in this place.
 D = Time resting spent in this place.
 E = Time spent auto-exploring this place.
 F = Levels seen in this place.
 G = Mean time per level.
                   A        B        C        D        E       F      G
               +--------+--------+--------+--------+--------+-----+--------+
         Total |   9726 |   9381 |    345 |   2476 |   5301 |  12 |  810.5 |
       Dungeon |   9263 |   8928 |    335 |   2332 |   5089 |   9 | 1029.2 |
        Temple |     44 |     34 |     10 |      0 |     22 |   1 |   44.0 |
         Sewer |    365 |    365 |      0 |    110 |    190 |   1 |  365.0 |
       Ossuary |     52 |     52 |      0 |     34 |      0 |   1 |   52.0 |
               +--------+--------+--------+--------+--------+-----+--------+

Top non-repeatable levels by time:
     D:4: 1750 daAuts
     D:7: 1529 daAuts
     D:1: 1387 daAuts
     D:6: 1266 daAuts
     D:3: 1134 daAuts
     D:2: 850 daAuts
     D:5: 838 daAuts
     D:9: 502 daAuts
   Sewer: 365 daAuts
 Ossuary: 52 daAuts
  Temple: 44 daAuts
     D:8: 4 daAuts
